 Dungeon Crawl Stone Soup version 0.18.1-50-g88ac8fd (webtiles) character file.

20479 Amnesiac the Soothsayer (level 12, -1/73 HPs)
             Began as a Deep Elf Fighter on Feb 26, 2018.
             Was a Priest of Nemelex Xobeh.
             Slain by Rupert
             ... wielding a +3 great sword of slicing
              (11 damage)
             ... on level 12 of the Dungeon.
             The game lasted 00:57:08 (19470 turns).

Amnesiac the Soothsayer (Deep Elf Fighter)         Turns: 19470, Time: 00:57:09

Health: -1/73      AC: 21    Str: 17    XL:     12   Next: 45%
Magic:  41/41      EV: 15    Int: 15    God:    Nemelex Xobeh [***...]
Gold:   712        SH: 19    Dex: 19    Spells: 5 memorised, 1 level left

rFire  . . .     SeeInvis .     a - +3 short sword (drain)
rCold  . . .     Gourm    +     q - +0 chain mail
rNeg   . . .     Faith    .     W - +1 large shield
rPois  .         Spirit   .     J - +0 helmet
rElec  .         Dismiss  .     l - +2 cloak
rCorr  .         Reflect  .     L - +0 pair of gloves (curse)
SustAt .         Harm     .     R - +0 pair of boots
MR     +....                    x - amulet of the gourmand
Stlth  ..........               C - ring of magical power
                                p - ring of magical power

@: agile, lethally poisoned (-1 -> -2), about to teleport, cleaving, somewhat
resistant to hostile enchantments, extremely unstealthy
A: icy blue scales 1, large bone plates 1, regeneration 1
a: Triple Draw, Renounce Religion


You were on level 12 of the Dungeon.
You worshipped Nemelex Xobeh.
Nemelex Xobeh was most pleased with you.
You were very full.

You visited 2 branches of the dungeon, and saw 13 of its levels.

You collected 772 gold pieces.
You spent 34 gold pieces at shops.

Inventory:

Hand Weapons
 a - a +3 short sword of draining (weapon)
 b - a +2 rapier of holy wrath
 H - a +3 greatsling
 M - a +1 falchion of flaming
 U - a +2 dagger of venom
 X - a +0 blowgun
Missiles
 d - 31 poisoned needles
 k - 361 stones (quivered)
 m - 94 sling bullets
Armour
 l - a +2 cloak (worn)
 q - a +0 chain mail (worn)
 J - a +0 helmet (worn)
 L - a cursed +0 pair of gloves (worn)
 R - a +0 pair of boots (worn)
 W - a +1 large shield (worn)
Rods
 t - a -3 rod of shadows (0/10)
   (You found it on level 7 of the Dungeon)
Jewellery
 p - a ring of magical power (left hand)
 x - an amulet of the gourmand (around neck)
 C - a ring of magical power (right hand)
 I - an uncursed amulet of dismissal
Wands
 z - a wand of paralysis (0/24)
 A - a wand of lightning (3/15)
 B - a wand of enslavement (6/24)
 D - a wand of flame (20/48)
 G - a wand of teleportation (3/9)
 P - a wand of flame (30/48)
 V - a wand of flame (27/48)
Scrolls
 e - a scroll of teleportation {!r}
 h - 2 scrolls of magic mapping {!r}
 r - a scroll of amnesia {!r}
 y - 5 scrolls of enchant armour {!r}
 N - a scroll of vulnerability {!r}
 S - a scroll of silence {!r}
 T - 2 scrolls of remove curse {!r}
Potions
 g - 3 potions of brilliance {!q}
 n - 2 potions of cure mutation {!q}
 s - 2 potions of flight {!q}
 v - 3 potions of mutation {!q}
 E - 4 potions of curing {!q}
 Q - a potion of might {!q}
 Y - a potion of resistance {!q}
 Z - a potion of agility {!q}
Miscellaneous
 i - a legendary deck of escape {drawn: 1}
 u - a plain deck of escape {drawn: 2}
Comestibles
 f - 3 bread rations
 j - 4 beef jerkies
 o - 8 slices of pizza
 w - 8 meat rations
 K - a royal jelly
 O - 12 fruits


   Skills:
 + Level 7.7 Fighting
 - Level 2.0 Short Blades
 + Level 7.7 Armour
 + Level 10.3 Dodging
 + Level 7.7 Shields
 * Level 12.6 Evocations


You had one spell level left.
You knew the following spells:

 Your Spells              Type           Power        Failure   Level  Hunger
a - Cure Poison           Pois           #.........   100%        2    ###....
b - Sticks to Snakes      Trmt           #.......     100%        2    ###....
c - Repel Missiles        Chrm/Air       #.....       100%        2    ###....
v - Blink                 Tloc           N/A          100%        2    ###....
z - Confusing Touch       Hex            #.....       100%        2    ###....


Dungeon Overview and Level Annotations

Branches:
Dungeon (12/15)            Temple (1/1) D:5            Lair (0/8) D:11
    Orc (0/2) D:10

Altars:
Ashenzari
Cheibriados
Dithmenos
Elyvilon
Fedhas
Gozag
Kikubaaqudgha
Makhleb
Nemelex Xobeh
Okawaru
Pakellas
Qazlal
Ru
Sif Muna
Trog
Vehumet
Xom
Yredelemnul
Zin
The Shining One

Shops:
D:10 [=%(   D:12 %

Annotations:
D:5 Sigmund
D:12 Rupert


Innate Abilities, Weirdness & Mutations

You are partially covered in icy blue scales (AC +1).
You are partially covered in large bone plates (AC +2, SH +2).
Your natural rate of healing is unusually fast.


Message History

Wield which item (- for none, * to show all)? (? for menu, Esc to quit)
Okay, then.
Drink which item? (? for menu, Esc to quit)
Okay, then.
Read which item? (? for menu, Esc to quit)
Okay, then.
Evoke which item? (* to show all) (? for menu, Esc to quit)
You draw a card...
It is the Alchemist.
You feel better. 26 of your gold pieces vanish!
Rupert hits your hornet with a great sword of slicing!!!
Your hornet dies!
Your hornet's corpse dissolves into shadows!
Read which item? (? for menu, Esc to quit)
Okay, then.
Search for what [Enter for "ego", or ? for help]? rech Can't find anything matching that.
Wield which item (- for none, * to show all)? (? for menu, Esc to quit)
Okay, then.
Read which item? (? for menu, Esc to quit)
Okay, then.
Evoke which item? (* to show all) (? for menu, Esc to quit)
You draw a card...
It is the Helm.
You feel agile all of a sudden.
Rupert rages.
Rupert barely misses you.
Evoke which item? (* to show all) (? for menu, Esc to quit)
You draw a card...
It is the Blade.
The deck of cards disappears without a trace.
Your -3 rod of shadows (0/10) looks oddly sharp.
You feel sick.
Rupert hits your four-headed hydra with a great sword of slicing!!
Evoke which item? (* to show all) (? for menu, Esc to quit)
Okay, then.
Wield which item (- for none, * to show all)? (? for menu, Esc to quit)
You sense an unholy aura.
a - a +3 short sword of draining (weapon)
Your four-headed hydra dissolves into shadows!
Read which item? (? for menu, Esc to quit)
Okay, then.
Drink which item? (? for menu, Esc to quit)
Okay, then.
Drink which item? (? for menu, Esc to quit)
Okay, then.
Wield which item (- for none, * to show all)? (? for menu, Esc to quit)
Okay, then.
Evoke which item? (* to show all) (? for menu, Esc to quit)
You draw a card...
It is Warpwright.
Rupert hits you with a great sword of slicing!!
* * * LOW HITPOINT WARNING * * *
x2 Rupert hits you with a great sword of slicing!
* * * LOW HITPOINT WARNING * * *
x2 Read which item? (? for menu, Esc to quit)
Okay, then.
Drink which item? (? for menu, Esc to quit)
Okay, then.
Drink which item? (? for menu, Esc to quit)
Okay, then.
Read which item? (? for menu, Esc to quit)
Really read
e - 2 scrolls of teleportation {!r}?
As you read the scroll of teleportation {!r}, it crumbles to dust.
You feel strangely unstable.
Rupert hits you with a great sword of slicing!
You die...
Your body glows with a rainbow of weird colours and disappears.

#######........#
#...#
.........)####.#
#...# ..........#
#.# #...#
########..#
#.#####...# #..#
#.........# #..#
#.........# #..#
#.........# #..#
#..@......# #..#
#..@......# #..#
#.........# #..#
#.........##########
#..#
#..................>
#..#
#...................
#..#
#.######..##########
####..####.# #..#
##≈≈≈.......# #..#
####≈≈≈≈≈......#
#..#


You could see Rupert (berserk).

Vanquished Creatures
  4 hydras
  2 tengu warriors (D:12)
  An unseen horror (D:12)
  2 hill giants
  Pikel (D:6)
  An oklob plant (D:10)
  A cyclops (D:5)
  2 ugly things
  Prince Ribbit (D:7)
  A troll (D:12)
  2 two-headed ogres
  A wraith (D:10)
  14 yaks
  2 vampire mosquitoes (D:12)
  A steam dragon (D:9)
  2 hungry ghosts
  3 wargs (D:11)
  A soldier ant (D:10)
  A water moccasin (D:10)
  5 orc warriors
  5 ice beasts
  A slave (D:6)
  A black bear (D:8)
  A wasp (D:10)
  3 sky beasts
  3 phantoms
  18 centaurs
  8 ogres
  A crocodile (D:11)
  6 big kobolds
  6 giant frogs
  A gnoll sergeant (D:9)
  A wyvern skeleton (D:12)
  A scorpion (D:3)
  2 water moccasin skeletons
  An oklob sapling (D:10)
  6 killer bees (D:11)
  8 wights
  The ghost of Amnesiac the Skirmisher, a weakling DEFi (D:4)
  An electric eel (D:12)
  2 howler monkeys
  4 crimson imps
  4 jellies
  7 hounds
  10 orc priests
  2 giant frog zombies
  A centaur skeleton (D:4)
  An iguana (D:6)
  Jessica (D:1)
  Ijyb (D:3)
  18 orc wizards
  14 worker ants
  2 sheep (D:8)
  A hound skeleton (D:4)
  7 gnolls
  A worker ant zombie (D:11)
  22 adders
  3 shadow imps
  An ooze (D:3)
  An adder zombie (D:6)
  3 adder skeletons
  A worm (D:6)
  8 giant geckos
  49 orcs
  7 ball pythons
  9 giant cockroaches
  4 goblins
  6 hobgoblins
  12 jackals
  26 kobolds
  3 quokkas
  8 bats
  2 giant gecko skeletons
  2 giant gecko zombies (D:6)
  3 giant newts
  A quokka zombie (D:8)
  4 rats
  4 plants (D:10)
378 creatures vanquished.

Vanquished Creatures (collateral kills)
  Erolcha (D:12)
  A centaur zombie (D:12)
  A troll (D:10)
  A hungry ghost (D:11)
  2 vampire mosquitoes (D:12)
  An orc warrior (D:12)
  A scorpion (D:10)
  4 wights (D:10)
  A jelly (D:10)
  An orc priest (D:12)
  An iguana (D:6)
  A worker ant (D:12)
  An adder (D:12)
  2 orcs (D:12)
19 creatures vanquished.

Vanquished Creatures (others)
  A hill giant (D:11)
  An ugly thing (D:12)
  3 slaves (D:6)
  A crimson imp (D:6)
  3 plants (D:10)
9 creatures vanquished.

Grand Total: 406 creatures vanquished

Notes
Turn   | Place    | Note
--------------------------------------------------------------
     0 | D:1      | Amnesiac the Deep Elf Fighter began the quest for the Orb.
     0 | D:1      | Reached XP level 1. HP: 13/13 MP: 3/3
    73 | D:2      | Noticed Jessica
    89 | D:1      | Killed Jessica
    89 | D:1      | Reached XP level 2. HP: 16/18 MP: 4/4
   124 | D:2      | Reached XP level 3. HP: 14/23 MP: 5/5
   266 | D:2      | Found a glowing silver altar of Zin.
   266 | D:2      | Found an opulent altar of Gozag.
   350 | D:3      | Found a faded altar to an unknown god.
   354 | D:3      | Noticed Ijyb
   402 | D:3      | Killed Ijyb
   981 | D:4      | Found an iron altar of Okawaru.
   981 | D:4      | Found a bloodstained altar of Trog.
   984 | D:4      | Noticed a scorpion
  1101 | D:4      | Reached XP level 4. HP: 17/28 MP: 6/6
  1197 | D:4      | Noticed Amnesiac's ghost (weakling DEFi)
  1858 | D:4      | Reached XP level 5. HP: 27/33 MP: 7/7
  2437 | D:4      | Reached XP level 6. HP: 19/39 MP: 8/8
  4092 | D:2      | Reached skill level 5 in Fighting
  4628 | D:3      | Reached skill level 1 in Dodging
  4628 | D:3      | Reached XP level 7. HP: 39/44 MP: 9/9
  5232 | D:4      | Reached skill level 5 in Armour
  5978 | D:4      | Found a burning altar of Makhleb.
  5979 | D:4      | Found a shimmering altar of Xom.
  6136 | D:4      | Killed Amnesiac's ghost
  6675 | D:4      | Reached skill level 5 in Dodging
  7147 | D:5      | Entered Level 5 of the Dungeon
  7772 | D:5      | Reached XP level 8. HP: 36/49 MP: 10/10
  7822 | D:5      | Noticed Sigmund
  7823 | D:5      | Identified a scroll of acquirement {!r}
  7900 | D:6      | Found a stormy altar of Qazlal.
  7987 | D:6      | Noticed an air elemental
  8200 | D:6      | Noticed Pikel
  8359 | D:5      | Reached skill level 5 in Shields
  8729 | D:6      | Paralysed by Pikel for 5 turns
  8742 | D:6      | Paralysed by Pikel for 7 turns
  8753 | D:6      | Paralysed by Pikel for 7 turns
  8941 | D:6      | Noticed a cyclops
  9205 | D:6      | Gained mutation: Your natural rate of healing is unusually fast. [mutagenic meat]
  9206 | D:6      | Gained mutation: You are partially covered in icy blue scales (AC +1). [mutagenic meat]
  9207 | D:6      | Gained mutation: You have a pair of small horns on your head. [mutagenic meat]
  9209 | D:6      | Gained mutation: You are partially covered in large bone plates (AC +2, SH +2). [mutagenic meat]
  9210 | D:6      | Lost mutation: You have a pair of small horns on your head. [mutagenic meat]
  9442 | D:5      | Found a staircase to the Ecumenical Temple.
  9456 | Temple   | Entered the Ecumenical Temple
  9662 | Temple   | Became a worshipper of Nemelex Xobeh the Trickster
  9788 | Temple   | Reached skill level 1 in Evocations
 10244 | D:6      | Killed Pikel
 10244 | D:6      | Reached skill level 5 in Evocations
 10244 | D:6      | Reached XP level 9. HP: 54/54 MP: 14/14
 10487 | D:6      | Reached skill level 6 in Evocations
 10733 | D:5      | Killed a cyclops
 10733 | D:5      | Reached skill level 7 in Evocations
 10947 | D:6      | Reached skill level 8 in Evocations
 11054 | D:6      | Found a radiant altar of Vehumet.
 11146 | D:7      | Found a shattered altar of Ashenzari.
 11232 | D:7      | Received a gift from Nemelex Xobeh
 11478 | D:7      | Reached skill level 9 in Evocations
 11655 | D:7      | Noticed Prince Ribbit
 11672 | D:7      | Killed Prince Ribbit
 11993 | D:7      | Found a deep blue altar of Sif Muna.
 12072 | D:7      | Identified a -3 rod of shadows (10/10) (You found it on level 7 of the Dungeon)
 12342 | D:8      | Reached * piety under Nemelex Xobeh
 12383 | D:8      | Reached skill level 10 in Evocations
 12418 | D:8      | Reached XP level 10. HP: 42/59 MP: 19/19
 12588 | D:8      | Noticed a three-headed hydra
 12594 | D:8      | Killed a one-headed hydra
 12594 | D:8      | Reached skill level 11 in Evocations
 12671 | D:8      | Found a sacrificial altar of Ru.
 13183 | D:9      | Found a blossoming altar of Fedhas.
 13216 | D:9      | Received a gift from Nemelex Xobeh
 13918 | D:9      | Reached ** piety under Nemelex Xobeh
 14291 | D:10     | Entered Level 10 of the Dungeon
 14403 | D:10     | Found Roamp's Antique Weapon Shoppe.
 14417 | D:10     | Found Unah's Food Shoppe.
 14571 | D:10     | Learned a level 2 spell: Confusing Touch
 14706 | D:10     | Noticed an oklob plant
 14811 | D:10     | Found Ahuup's Antique Armour Shop.
 14879 | D:10     | Noticed a brown ugly thing
 14894 | D:10     | Killed a brown ugly thing
 14894 | D:10     | Reached XP level 11. HP: 46/66 MP: 21/21
 14964 | D:10     | Found Hialeo's Jewellery Shop.
 14968 | D:10     | Bought a cursed amulet of inaccuracy for 34 gold pieces
 15524 | D:10     | Found a staircase to the Orcish Mines.
 16133 | D:10     | Found a blossoming altar of Fedhas.
 16142 | D:10     | Identified the Almanac of Nature (You found it on level 10 of the Dungeon)
 16146 | D:10     | Learned a level 2 spell: Cure Poison
 16149 | D:10     | Learned a level 2 spell: Sticks to Snakes
 16183 | D:10     | Killed an oklob plant
 16253 | D:11     | Noticed a six-headed hydra
 16318 | D:11     | Killed a one-headed hydra
 16597 | D:11     | Found a staircase to the Lair.
 16837 | D:11     | Noticed a hill giant
 16855 | D:11     | Killed a hill giant
 16931 | D:11     | Received a gift from Nemelex Xobeh
 16943 | D:11     | Reached *** piety under Nemelex Xobeh
 16950 | D:11     | Noticed a purple ugly thing
 16983 | D:11     | Killed a purple ugly thing
 17537 | D:11     | Noticed a hill giant
 17993 | D:12     | Noticed Rupert
 17994 | D:12     | Paralysed by Rupert for 4 turns
 18006 | D:12     | Received a gift from Nemelex Xobeh
 18048 | D:12     | Reached XP level 12. HP: 18/72 MP: 22/22
 18055 | D:12     | Reached skill level 12 in Evocations
 18064 | D:12     | Learned a level 2 spell: Blink
 18067 | D:12     | Learned a level 2 spell: Repel Missiles
 18159 | D:12     | Noticed a six-headed hydra
 18175 | D:12     | Killed a one-headed hydra
 18266 | D:12     | Noticed Erolcha
 18280 | D:12     | Killed Erolcha
 18790 | D:12     | Reached skill level 10 in Dodging
 18948 | D:12     | Found Ygar's Food Shoppe.
 19184 | D:12     | Noticed a tengu warrior
 19186 | D:12     | Noticed a tengu warrior
 19243 | D:12     | Killed a tengu warrior
 19258 | D:12     | Killed a tengu warrior
 19272 | D:12     | Noticed a six-headed hydra
 19293 | D:12     | Killed a one-headed hydra
 19470 | D:12     | Slain by Rupert

Skill      XL: |  1  2  3  4  5  6  7  8  9 10 11 12 |
---------------+-------------------------------------+-----
Fighting       | 3 4 5 6 7 |  7.7
Armour         | 3 4 5 7 |  7.7
Dodging        | 1 5 9 10 | 10.3
Shields        | 3 5 7 |  7.7
Evocations     | 5 10 11 12 | 12.6
Short Blades   | |  2.0

Action                   |  1- 3 |  4- 6 |  7- 9 | 10-12 || total
-------------------------+-------+-------+-------+-------++-------
Melee: Rapier            |   150 |   342 |    93 |   211 ||   796
       Dagger            |       |       |   510 |    28 ||   538
       Mace              |       |       |    73 |       ||    73
       Unarmed           |       |       |    36 |       ||    36
       Whip              |       |       |   174 |    10 ||   184
       Short sword       |       |       |   169 |  1394 ||  1563
       Falchion          |       |       |       |    54 ||    54
       Staff             |       |       |       |     1 ||     1
 Fire: Greatsling        |       |       |     3 |       ||     3
Evoke: Wand              |       |       |     2 |    16 ||    18
       Deck              |       |       |     1 |    13 ||    14
       Rod               |       |       |       |     5 ||     5
  Use: Scroll            |       |    10 |    10 |    11 ||    31
       Potion            |       |     6 |     7 |     6 ||    19
 Stab: Paralysed         |       |       |     8 |    17 ||    25
  Eat: Chunk             |     1 |    12 |    43 |    52 ||   108
       Beef jerky        |       |       |     2 |       ||     2
       Pizza             |       |       |     1 |       ||     1
Armor: Scale mail        |    85 |   127 |       |       ||   212
       Skin              |       |     6 |    13 |       ||    19
       Chain mail        |       |    69 |   407 |   799 ||  1275
Dodge: Dodged            |    33 |    74 |   115 |   256 ||   478
Block: Shield            |    69 |   138 |    37 |       ||   244
       Large shield      |       |       |   704 |  1568 ||  2272
